 Dungeon Crawl Stone Soup version 0.30.0-3-ga4e48a9924 (webtiles) character file.

Game seed: 5873086954258476968

33030 monsoonserge the Nimble (level 13, -4/225 HPs)
             Began as a Troll Berserker on May 7, 2023.
             Was a High Priest of Trog.
             Slain by a fire elemental (11 damage)
             ... summoned by a deep elf pyromancer
             ... on level 13 of the Dungeon on May 8, 2023.
             The game lasted 01:05:34 (11983 turns).

monsoonserge the Nimble (Troll Berserker)          Turns: 11983, Time: 01:05:35

Health: -4/225     AC: 12    Str: 31    XL:     13   Next: 34%
Magic:  12/12      EV: 13    Int:  9    God:    Trog [*****.]
Gold:   930        SH:  0    Dex:  8    Spells: 12/12 levels left

rFire   . . .        d - +5 giant club (flame)
rCold   . . .        (shield currently unavailable)
rNeg    . . .        O - +0 steam dragon scales
rPois   +            (helmet restricted)
rElec   .            a - +0 cloak {rPois}
rCorr   .            (gloves unavailable)
SInv    +            (boots unavailable)
Will    .....        (no amulet) Stlth
                     U - ring "Laostroe" {Int+2 SInv}
HPRegen 1.37/turn    m - +4 ring of protection
MPRegen 0.13/turn

%: no passive effects
@: berserking, studying Dodging, very quick
A: large, unfitting armour, claws 3, regeneration 1, shaggy fur 1, tough skin 1,
clever 1, robust 1, inability to read after injury 1
a: Renounce Religion, Berserk, Trog's Hand, Brothers in Arms


You were on level 13 of the Dungeon.
You worshipped Trog.
Trog was extremely pleased with you.
You visited 2 branches of the dungeon, and saw 14 of its levels.
You also visited: Bailey.

You collected 1008 gold pieces.
You spent 78 gold pieces at shops.

Inventory:

Hand Weapons
 d - a +5 giant club of flaming (weapon)
 I - the +7 staff of the Meek {protect, meekguard}
   (You found it on level 5 of the Dungeon)
 V - a +5 heavy quarterstaff
 Z - a +4 antimagic dire flail
Missiles
 o - 9 boomerangs
 s - 17 poisoned darts (quivered)
 A - 2 curare-tipped darts
 P - 12 throwing nets
 W - 15 large rocks
Armour
 a - a +0 cloak of poison resistance (worn)
 C - the +0 robe of the Doldrums {rN+ Int+4 Dex-2 Stlth+}
   (You found it on level 10 of the Dungeon)

   Int:       It affects your intelligence (+4).
   Dex:       It affects your dexterity (-2).
   rN:        It protects you from negative energy.
   Stlth:     It makes you more stealthy.
 O - +0 steam dragon scales (worn)
Jewellery
 j - a +6 ring of strength
 m - a +4 ring of protection (right claw)
 N - a ring of protection from fire
 U - the ring "Laostroe" (left claw) {Int+2 SInv}
   (You found it on level 8 of the Dungeon)

   [ring of see invisible]

   Int:       It affects your intelligence (+2).
   SInv:      It lets you see invisible.
Wands
 t - a wand of quicksilver (3)
 w - a wand of polymorph (10)
 F - a wand of charming (35)
 Q - a wand of digging (3)
 S - a wand of flame (14)
 X - a wand of roots (5)
Scrolls
 b - 2 scrolls of enchant armour {unknown}
 c - a scroll of torment {unknown}
 e - 4 scrolls of amnesia {unknown}
 i - 3 scrolls of blinking {unknown}
 p - 5 scrolls of immolation {unknown}
 q - 2 scrolls of poison {unknown}
 r - 8 scrolls of teleportation
 x - a scroll of magic mapping {unknown}
 y - 4 scrolls of fog {unknown}
 D - 2 scrolls of silence {unknown}
 E - 4 scrolls of noise {unknown}
 M - 4 scrolls of fear
 Y - a scroll of enchant weapon {unknown}
Potions
 f - a potion of heal wounds {unknown}
 g - a potion of might {unknown}
 h - 2 potions of resistance
 k - 6 potions of curing
 n - 3 potions of haste
 u - 2 potions of lignification
 G - a potion of berserk rage {unknown}
 J - 2 potions of invisibility {unknown}
 L - a potion of ambrosia {unknown}
 R - 2 potions of magic
 T - a potion of flight {unknown}


   Skills:
 + Level 11.2 Fighting
 * Level 7.9(10.6) Maces & Flails
 - Level 10.3(11.2) Staves
 + Level 1.3 Throwing
 + Level 13.7 Dodging
 + Level 1.0 Evocations


You had 12 spell levels left.
You didn't know any spells.
Your spell library was empty.

Dungeon Overview and Level Annotations

Branches:
Dungeon (13/15)            Temple (1/1) D:7            Lair (0/5) D:11
    Orc (0/2) D:10         Vaults (0/5) D:13         Bailey (visited)

Altars:
Ashenzari
Elyvilon
Fedhas
Hepliaklqana
Makhleb
Nemelex Xobeh
Okawaru
Ru
Sif Muna
Vehumet
Wu Jian
Xom
Yredelemnul
Zin

Shops:
D:12 ?

Annotations:
D:9 3 runed translucent doors, NinjaNoafa's ghost, journeyman GnCj; tizbic2's ghost, novice DsHu
D:13 4 runed translucent doors
Temple 2 transporters


Innate Abilities, Weirdness & Mutations

You are too large for most types of armour.
You have claws for hands.
Your natural rate of healing is unusually fast.
You are covered in fur. (AC +1)
You have tough skin. (AC +1)
Your mind is acute. (Int +4, Str/Dex -1)
You are robust. (+10% HP)
You occasionally lose the ability to read scrolls when taking damage.


Message History

The fire elemental hits you. The fire elemental burns you!
The fire elemental completely misses you.
The deep elf pyromancer points at you and mumbles some strange words.
The sticky flame hits you!
You are covered in liquid flames!
The fire elemental hits you. The fire elemental burns you!
The fire elemental hits you. The fire elemental burns you!
You hit the deep elf pyromancer. You burn the deep elf pyromancer.
The deep elf pyromancer is almost dead.
You are covered in liquid flames!
The fire elemental hits you. The fire elemental burns you!
The fire elemental closely misses you. The fire elemental barely misses you.
The deep elf pyromancer barely misses you.
The fire elemental hits you. The fire elemental burns you!
* * * LOW HITPOINT WARNING * * *
You barely miss the deep elf pyromancer.
The deep elf pyromancer is almost dead.
You are covered in liquid flames!
* * * LOW HITPOINT WARNING * * *
The fire elemental hits you. The fire elemental burns you!
* * * LOW HITPOINT WARNING * * *
The fire elemental barely misses you. The fire elemental hits you.
The fire elemental burns you!
* * * LOW HITPOINT WARNING * * *
The deep elf pyromancer hits you with a +0 long sword.
* * * LOW HITPOINT WARNING * * *
The fire elemental hits you. The fire elemental burns you!
* * * LOW HITPOINT WARNING * * *
A red film seems to cover your vision as you go berserk!
You feel yourself moving faster!
You feel mighty!
You are covered in liquid flames!
* * * LOW HITPOINT WARNING * * *
You are no longer on fire.
The fire elemental hits you. The fire elemental burns you!
* * * LOW HITPOINT WARNING * * *
The fire elemental closely misses you.
The deep elf pyromancer barely misses you.
The fire elemental closely misses you. The fire elemental hits you.
The fire elemental burns you!
You die...

###.....# #.......##
##......... .........#
##.......... .......^.##
........... ..........#
#.......... ..........##
#.......... .....).....#
#..........
....<......###...E......
....)......##...@E......
##
..............#.Ee......
###.
.............###.......#
##..#
.............)##>...####
###..##
.............).######
##...##
..#######..).#..###
###..###
..#.....#...####..##
###...## ..#.....#.###
##..###....##
..#.....#.#
#...#......###


You could see a deep elf pyromancer and 3 fire elementals.

Vanquished Creatures
  An ironbound preserver (D:13)
  Harold (D:11)
  A hydra (D:10)
  Erica (D:8)
  4 centaur warriors
  6 boulder beetles
  4 two-headed ogres
  Nergalle (D:11)
  4 skeletal warriors (D:13)
  2 deep elf pyromancers (D:12)
  5 cyclopes
  A deep elf zephyrmancer (D:6)
  An ugly thing (D:12)
  3 manticores
  Maurice (D:10)
  A gargoyle (D:11)
  An unseen horror (D:11)
  A rime drake (D:11)
  A kobold demonologist (D:12)
  2 komodo dragons
  A tengu conjurer (D:12)
  3 trolls
  2 polar bears (D:11)
  A polar bear (shapeshifter) (D:13)
  The ghost of hawla the Firebug, an amateur MeFE (D:4)
  8 slime creatures
  Sigmund (D:6)
  4 shadows
  A vampire (D:11)
  7 yaks
  3 wraiths
  Grum (Bailey)
  A basilisk (D:12)
  3 steam dragons
  7 vampire mosquitoes
  Edmund (D:6)
  An acid dragon (D:12)
  2 water moccasins (D:7)
  5 orc warriors
  Duvessa (D:5)
  3 ice beasts
  5 wolves
  An ogre (D:6)
  4 centaurs
  2 phantoms (D:7)
  4 kobold brigands
  2 bullfrogs
  6 gnoll sergeants (Bailey)
  A wyvern zombie (D:4)
  4 wights
  Dowan (D:5)
  A water moccasin skeleton (D:4)
  3 troll zombies (D:10)
  6 killer bees (D:10)
  6 howler monkeys
  A bullfrog zombie (D:4)
  2 jellies
  A bullfrog skeleton (D:4)
  7 gnoll boudas
  6 hounds
  Crazy Yiuf (D:4)
  4 iguanas
  A sleepcap (D:5)
  7 orc priests
  Ijyb (D:5)
  14 orc wizards
  3 ogre zombies (D:10)
  43 gnolls
  5 adders
  A shadow imp (D:8)
  An ufetubus (D:4)
  3 worms
  3 dart slugs
  52 orcs
  9 ball pythons
  3 endoplasms
  3 giant cockroaches
  7 goblins
  12 hobgoblins
  6 jackals
  2 quokkas
  6 bats
  4 frilled lizards
  2 goblin skeletons (D:10)
  2 goblin zombies (D:10)
  2 hobgoblin skeletons (D:10)
  2 hobgoblin zombies (D:10)
  50 kobolds
  2 orc skeletons (D:10)
  9 orc zombies (D:10)
  7 rats
429 creatures vanquished.

Vanquished Creatures (collateral kills)
  A centaur (D:10)
  4 wights (D:10)
  A killer bee (D:10)
  An orc wizard (D:10)
  A gnoll (D:4)
8 creatures vanquished.

Vanquished Creatures (others)
  2 kobolds (D:8)
  A quokka zombie (D:4)
  A plant (D:5)
4 creatures vanquished.

Grand Total: 441 creatures vanquished

Notes
Turn   | Place    | Note
-------+----------+-------------------------------------------
     0 | D:1      | monsoonserge the Troll Berserker began the quest for the
                  | Orb.
     0 | D:1      | Reached XP level 1. HP: 22/22 MP: 0/0
   435 | D:1      | Reached XP level 2. HP: 29/29 MP: 1/1
   876 | D:2      | Reached XP level 3. HP: 36/36 MP: 2/2
  1299 | D:2      | Found a faded altar of an unknown god.
  1466 | D:3      | Reached ** piety under Trog
  1475 | D:3      | Reached XP level 4. HP: 41/45 MP: 3/3
  1544 | D:3      | Reached skill level 3 in Dodging
  1676 | D:3      | Reached XP level 5. HP: 30/53 MP: 4/4
  2353 | D:4      | Reached XP level 6. HP: 57/59 MP: 5/5
  2397 | D:4      | Found a runed translucent door.
  2398 | D:4      | Noticed Crazy Yiuf
  2405 | D:4      | Killed Crazy Yiuf
  2406 | D:4      | Reached skill level 5 in Maces & Flails
  2591 | D:4      | Found a transporter.
  2591 | D:4      | Noticed hawla's ghost (amateur MeFE)
  2616 | D:4      | Found a transporter.
  2749 | D:4      | Reached *** piety under Trog
  2759 | D:4      | Reached skill level 1 in Staves
  2759 | D:4      | Reached skill level 4 in Dodging
  2762 | D:4      | Reached XP level 7. HP: 60/68 MP: 6/6
  2940 | D:4      | Reached **** piety under Trog
  3444 | D:5      | Entered Level 5 of the Dungeon
  3613 | D:5      | Noticed Ijyb
  3632 | D:5      | Killed Ijyb
  3650 | D:5      | Reached XP level 8. HP: 32/78 MP: 7/7
  3666 | D:5      | Noticed Dowan
  3667 | D:5      | Noticed Duvessa
  3672 | D:5      | Killed Dowan
  3679 | D:5      | Killed Duvessa
  3742 | D:5      | Reached skill level 5 in Dodging
  3801 | D:5      | Found a shimmering blue altar of Sif Muna.
  3835 | D:5      | Found an iron altar of Okawaru.
  3971 | D:5      | Found the +7 staff of the Meek {protect, meekguard}
  4163 | D:6      | Found an ornate altar of the Wu Jian Council.
  4166 | D:6      | Noticed Edmund
  4180 | D:6      | Killed Edmund
  4272 | D:6      | Found a broken altar of Ashenzari.
  4307 | D:6      | Reached skill level 5 in Staves
  4340 | D:6      | Noticed a deep elf zephyrmancer
  4346 | D:6      | Killed a deep elf zephyrmancer
  4347 | D:6      | Reached skill level 5 in Fighting
  4347 | D:6      | Reached XP level 9. HP: 88/88 MP: 8/8
  4410 | D:6      | Noticed Sigmund
  4419 | D:6      | Killed Sigmund
  4585 | D:6      | Reached ***** piety under Trog
  4593 | D:6      | Found a sparkling altar of Nemelex Xobeh.
  4821 | D:4      | Killed hawla's ghost
  5019 | D:7      | Reached skill level 6 in Dodging
  5111 | D:7      | Found a shimmering altar of Xom.
  5432 | D:7      | Found a staircase to the Ecumenical Temple.
  5440 | Temple   | Entered the Ecumenical Temple
  5440 | Temple   | Found a transporter.
  5440 | Temple   | Found a transporter.
  5765 | D:8      | Reached XP level 10. HP: 98/98 MP: 9/9
  5788 | D:8      | Found a flagged portal.
  5808 | Bailey   | Entered a bailey
  6065 | Bailey   | Noticed Grum
  6074 | Bailey   | Reached skill level 1 in Evocations
  6086 | Bailey   | Killed Grum
  6343 | D:8      | Identified the ring "Laostroe" {Int+2 SInv}
  6483 | D:8      | Found a radiant altar of Vehumet.
  6517 | D:8      | Received a gift from Trog
  6618 | D:8      | Noticed Erica
  6629 | D:8      | Killed Erica
  6630 | D:8      | Reached skill level 7 in Dodging
  7557 | D:9      | Found a glowing silver altar of Zin.
  7751 | D:9      | Found a blossoming altar of Fedhas.
  7856 | D:9      | Found a runed translucent gate.
  7856 | D:9      | Found a runed translucent gate.
  7856 | D:9      | Found a runed translucent gate.
  7856 | D:9      | Noticed tizbic2's ghost (novice DsHu)
  7857 | D:9      | Noticed NinjaNoafa's ghost (journeyman GnCj)
  8110 | D:10     | Entered Level 10 of the Dungeon
  8174 | D:10     | Noticed Maurice
  8180 | D:10     | You fall into a shaft and drop 1 floor!
  8183 | D:11     | Noticed Nergalle
  8184 | D:11     | Noticed a spectral orc warlord
  8193 | D:11     | Noticed a boulder beetle
  8198 | D:11     | Killed Nergalle
  8199 | D:11     | Reached skill level 8 in Dodging
  8207 | D:11     | Killed a boulder beetle
  8208 | D:11     | Reached XP level 11. HP: 109/109 MP: 10/10
  8291 | D:11     | Noticed Harold
  8337 | D:11     | Killed Harold
  8359 | D:11     | Reached skill level 9 in Dodging
  8404 | D:11     | Found a staircase to the Lair.
  8588 | D:10     | Noticed a four-headed hydra
  8596 | D:10     | Killed a four-headed hydra
  8609 | D:10     | Reached skill level 10 in Dodging
  8685 | D:10     | Noticed a two-headed ogre
  8694 | D:10     | Killed a two-headed ogre
  8790 | D:10     | Found a staircase to the Orcish Mines.
  9017 | D:10     | Killed Maurice
  9017 | D:10     | Received a gift from Trog
  9018 | D:10     | Reached skill level 11 in Dodging
  9201 | D:10     | Identified the +0 robe of the Doldrums {rN+ Int+4 Dex-2
                  | Stlth+}
  9462 | D:11     | Noticed a two-headed ogre
  9467 | D:11     | Killed a two-headed ogre
  9789 | D:12     | Reached XP level 12. HP: 110/124 MP: 11/11
  9800 | D:12     | Found Fojeun's Magic Scroll Emporium.
  9804 | D:12     | Bought a scroll of teleportation for 39 gold pieces
  9810 | D:12     | Bought a scroll of teleportation for 39 gold pieces
 10114 | D:12     | Noticed a two-headed ogre
 10139 | D:12     | HP: 7/189 [two-headed ogre/+0 giant club (16)]
 10141 | D:12     | Killed a two-headed ogre
 10296 | D:12     | Noticed a centaur warrior
 10301 | D:12     | Noticed a boulder beetle
 10303 | D:12     | Noticed a boulder beetle
 10310 | D:12     | Killed a centaur warrior
 10311 | D:12     | Reached skill level 10 in Staves
 10349 | D:12     | Killed a boulder beetle
 10397 | D:12     | Killed a boulder beetle
 10398 | D:12     | Reached skill level 10 in Fighting
 10631 | D:12     | Reached skill level 12 in Dodging
 10658 | D:12     | Noticed a two-headed ogre
 10673 | D:12     | Killed a two-headed ogre
 10674 | D:12     | Reached skill level 1 in Throwing
 10885 | D:13     | Noticed a centaur warrior
 10886 | D:13     | Noticed a boulder beetle
 10893 | D:13     | Noticed a boulder beetle
 10907 | D:13     | Killed a centaur warrior
 10941 | D:13     | Killed a boulder beetle
 11071 | D:13     | Killed a boulder beetle
 11244 | D:13     | Noticed a centaur warrior
 11253 | D:13     | Killed a centaur warrior
 11254 | D:13     | Reached XP level 13. HP: 99/135 MP: 12/12
 11400 | D:13     | Found a gate to the Vaults.
 11400 | D:13     | Noticed an ironbound preserver
 11411 | D:13     | Reached skill level 13 in Dodging
 11420 | D:13     | Killed an ironbound preserver
 11723 | D:13     | Received a gift from Trog
 11807 | D:13     | Found a runed translucent door.
 11823 | D:13     | Found a runed translucent door.
 11836 | D:13     | Found a runed translucent door.
 11847 | D:13     | Found a runed translucent door.
 11898 | D:13     | Gained mutation: You occasionally shout uncontrollably at
                  | your foes. [potion of mutation]
 11898 | D:13     | Gained mutation: You sometimes lose your temper in combat.
                  | [potion of mutation]
 11898 | D:13     | Gained mutation: You are vulnerable to cold. (rC-) [potion
                  | of mutation]
 11898 | D:13     | Gained mutation: Your mind is acute. (Int +4, Str/Dex -1)
                  | [potion of mutation]
 11899 | D:13     | Lost mutation: You occasionally shout uncontrollably at
                  | your foes. [potion of mutation]
 11899 | D:13     | Lost mutation: You are vulnerable to cold. (rC-) [potion of
                  | mutation]
 11899 | D:13     | Lost mutation: You sometimes lose your temper in combat.
                  | [potion of mutation]
 11899 | D:13     | Gained mutation: You are robust. (+10% HP) [potion of
                  | mutation]
 11899 | D:13     | Gained mutation: You occasionally lose the ability to read
                  | scrolls when taking damage. [potion of mutation]
 11983 | D:13     | HP: 7/225 [fire elemental[a deep elf pyromancer] (6)]
 11983 | D:13     | Slain by a fire elemental

Illustrated notes

Levels and vault maps discovered:
D:1:      dpeg_arrival_three_same_balls, layout_basic,
          nicolae_kite_square_tiling_tiny, nicolae_wormholes
D:2:      layout_loops_cross, nicolae_ecumenical_lake_church,
          corexii_hall_statues_i, grunt_ministairs_4
D:3:      layout_loops_ring, corexii_leaking_fountain, minmay_ruptured
D:4:      minmay_goblin_kobold_castle, layout_cave_pods,
          gammafunk_ghost_mausoleum, uniq_crazy_yiuf_cottage
D:5:      layout_rooms, led_sif_pool, mainiacjoe_overflow_alcove_1,
          serial_bayou_ford_a, grunt_decor_junction, pf_guarded_unrand_meek,
          uniq_ijyb, uniq_duvessa
D:6:      layout_cave_pools, evilmike_ruin_ashenzari, old_standard_altar,
          nemelex_dance_club_becter, kennysheep_flooded_box,
          minmay_crystal_room, minmay_misc_feat_room, guppyfry_early_elven_hall,
          uniq_edmund, uniq_sigmund
D:7:      layout_loops_ring, mainiacjoe_overflow_alcove_2,
          minmay_temple_entry_arrows
D:8:      layout_layer_cave, fiery_altar_vehumet, enter_bailey_3, uniq_erica
D:9:      layout_cave_pools, amcnicky_altar_gilded, fedhas_altar_fruit_tree,
          gammafunk_ghost_cemetery
D:10:     layout_basic, zombieorc1_lemuel, minmay_statues_item,
          mrwooster_statue_mirror, uniq_maurice
D:11:     layout_rooms, hellmonk_lair_entry_icy, uniq_harold, uniq_nergalle
D:12:     minmay_bloctagon_deflated, layout_basic, serial_shops, shop,
          kennysheep_kite_vault
D:13:     layout_cave_pods, skrybe_vaults_entry_preservation,
          minmay_statue_crystal_thing
Temple:   hellmonk_temple_divided_pantheon

Skill      XL: |  1  2  3  4  5  6  7  8  9 10 11 12 13 |
---------------+----------------------------------------+-----
Maces & Flails | 3 4 5 7 |  7.9
Fighting       | 3 4 5 6 7 9 10 11 | 11.2
Dodging        | 3 4 5 6 8 11 12 13 | 13.7
Staves         | 1 3 5 7 9 10 | 10.3
Evocations     | 1 |  1.0
Throwing       | 1 |  1.3

Action                     |  1- 3 |  4- 6 |  7- 9 | 10-12 | 13-15 || total
---------------------------+-------+-------+-------+-------+-------++-------
  Melee: Mace              |   123 |   135 |       |       |       ||   258
         Punch             |       |     3 |       |       |       ||     3
         Flail             |       |    24 |       |       |       ||    24
         Quarterstaff      |       |    36 |   403 |   794 |   123 ||  1356
         Giant club        |       |       |       |       |    12 ||    12
  Throw: Boomerang         |       |     4 |       |     4 |       ||     8
         Dart              |       |       |       |     3 |       ||     3
 Invoke: Berserk           |     1 |     1 |     3 |    11 |     3 ||    19
         Trog's Hand       |       |     1 |     1 |     1 |       ||     3
         Brothers in Arms  |       |       |       |     3 |       ||     3
    Use: Potion            |       |     1 |       |       |     2 ||     3
         Scroll            |       |       |       |     8 |     1 ||     9
   Stab: Paralysed         |       |       |     1 |       |       ||     1
         Sleeping          |       |       |     1 |       |       ||     1
 Armour: Animal skin       |    38 |   130 |   262 |       |       ||   430
         Steam dragon scal |       |       |    26 |   460 |    82 ||   568
  Dodge: Dodged            |    65 |   134 |   276 |   536 |    63 ||  1074
